 Dungeon Crawl Stone Soup version 0.21.1-1-g345015f (webtiles) character file.

49 microfolk the Chiller (level 3, 0/26 HPs)
             Began as a Merfolk Ice Elementalist on May 28, 2018.
             Succumbed to a worker ant's poison
             ... on level 4 of the Dungeon.
             The game lasted 00:04:23 (1698 turns).

microfolk the Chiller (Merfolk Ice Elementalist)    Turns: 1698, Time: 00:04:24

Health: 0/26       AC:  2    Str: 13    XL:     3   Next: 75%
Magic:  6/6        EV: 14    Int: 20    God:
Gold:   42         SH:  0    Dex: 16    Spells: 3/6 levels left

rFire    . . .     SeeInvis .   g - +0 dagger
rCold    . . .     Gourm    .   (no shield)
rNeg     . . .     Faith    .   a - +0 robe
rPois    .         Spirit   .   (helmet restricted)
rElec    .         Reflect  .   (no cloak)
rCorr    .         Harm     .   (no gloves)
MR       .....                  (no boots)
Stlth    ++........             (no amulet)
HPRegen  0.08/turn              (no ring)
MPRegen  0.10/turn              (no ring)

@: mighty, brilliant, lethally poisoned (0 -> -9)
A: change form in water, swift swim, stealthy swim, antennae 1, agile 1
a: no special abilities


You were on level 4 of the Dungeon.
You were not hungry.

You visited 1 branch of the dungeon, and saw 3 of its levels.

You collected 42 gold pieces.

Inventory:

Hand Weapons
 g - a +0 dagger (weapon)
Missiles
 h - a stone (quivered)
 j - 17 sling bullets
Armour
 a - a +0 robe (worn)
 k - a +0 pair of gloves
Scrolls
 d - a scroll of blinking {unknown}
 m - a scroll of noise {unknown}
Potions
 f - a potion of brilliance
 i - 2 potions of might
Books
 b - a book of Frost

   Spells                             Type                      Level
   a - Freeze                         Ice                          1
   b - Throw Frost                    Conjuration/Ice              2
   c - Ozocubu's Armour               Charms/Ice                   3
   d - Throw Icicle                   Conjuration/Ice              4
   e - Summon Ice Beast               Ice/Summoning                4
Comestibles
 c - 4 rations
 l - 4 chunks of flesh


   Skills:
 + Level 1.5 Fighting
 + Level 3.6 Dodging
 - Level 2.1 Stealth
 - Level 2.0 Spellcasting
 - Level 0.7 Conjurations
 * Level 4.2 Ice Magic


You had 3 spell levels left.
You knew the following spells:

 Your Spells              Type           Power        Failure   Level  Hunger
a - Freeze                Ice            ####         1%          1    #......
b - Throw Frost           Conj/Ice       ###...       1%          2    ##.....


Dungeon Overview and Level Annotations

Branches:
Dungeon (2/15)

Altars:
Elyvilon

Annotations:
D:2 exclusion: 2 adders


Innate Abilities, Weirdness & Mutations

You revert to your normal form in water.
You are very nimble and swift while swimming.
You are very stealthy in the water. (Stealth+)
You have a pair of small antennae on your head.
You are agile. (Dex +2)


Message History

You are lethally poisoned!
The worker ant poisons you!
It was a potion of might.
You feel very mighty all of a sudden.
* * * LOW HITPOINT WARNING * * *
You feel sick. The worker ant bites you.
* * * LOW HITPOINT WARNING * * *
You are more poisoned.
The worker ant poisons you!
You hit the worker ant.
You kill the worker ant!
Your Ice Magic skill increases to level 4!
* * * LOW HITPOINT WARNING * * *
You feel sick.
It was a potion of magic.
Magic courses through your body.
* * * LOW HITPOINT WARNING * * *
You feel sick.
It was a potion of mutation.
You feel extremely strange.
You feel agile. A pair of antennae grows on your head!
You die...

# ##. #.# #.#
#@## ##†# ..#
#.## ..#
##)#####..##
##.........### ##
#............#
#...#...##.......
####...........#
#.##........##


There were no monsters in sight!

Vanquished Creatures
  A worker ant (D:4)
  An orc (D:4)
  2 bats (D:2)
  2 giant cockroaches (D:2)
  3 goblins
  3 hobgoblins
  2 kobolds
  A quokka (D:4)
  2 ball pythons
  A frilled lizard (D:1)
  2 rats
20 creatures vanquished.

Notes
Turn   | Place    | Note
-------+----------+-------------------------------------------
     0 | D:1      | microfolk the Merfolk Ice Elementalist began the quest for the Orb.
     0 | D:1      | Reached XP level 1. HP: 13/13 MP: 3/3
  1055 | D:2      | Reached XP level 2. HP: 20/20 MP: 3/5
  1062 | D:2      | Learned a level 2 spell: Throw Frost
  1090 | D:2      | Found a white marble altar of Elyvilon.
  1244 | D:2      | Reached skill level 1 in Fighting
  1632 | D:2      | You fall through a shaft for 2 floors!
  1676 | D:4      | Reached XP level 3. HP: 25/26 MP: 2/6
  1695 | D:4      | Reached skill level 4 in Ice Magic
  1696 | D:4      | HP: 1/26 [poisoned by a worker ant]
  1697 | D:4      | Gained mutation: You are agile. (Dex +2) [potion of mutation]
  1697 | D:4      | Gained mutation: You have a pair of small antennae on your head. [potion of mutation]
  1698 | D:4      | Succumbed to a worker ant's poison

Skill      XL: |  1  2  3 |
---------------+----------+-----
Dodging        | 3 |  3.6
Fighting       | 1 |  1.5
Ice Magic      | 4 |  4.2
Stealth        | |  2.1
Spellcasting   | |  2.0
Conjurations   | |  0.7

Action                   || total
-------------------------++-------
Melee: Dagger            ||    14
Throw: Stone             ||     1
 Cast: Freeze            ||    36
  Use: Potion            ||     4
  Eat: Chunk             ||     3
Armor: Robe              ||     4
Dodge: Dodged            ||    32
